 Dungeon Crawl Stone Soup version 0.29-a0-393-g47a863cc1b (webtiles) character file.

Game seed: 16652696107224610774

32 swappor the Chopper (level 3, 9/33 HPs)
             Began as a Minotaur Berserker on May 9, 2022.
             Was a Follower of Trog.
             Quit the game on level 2 of the Dungeon.
             The game lasted 00:07:11 (1529 turns).

swappor the Chopper (Minotaur Berserker)            Turns: 1529, Time: 00:07:12

Health: 9/33       AC:  2    Str: 21    XL:     3   Next: 8%
Magic:  2/2        EV: 12    Int:  6    God:    Trog [*.....]
Gold:   48         SH:  0    Dex:  9    Spells: 2/2 levels left

rFire   . . .      SeeInvis .   a - +0 hand axe
rCold   . . .      Faith    .   (no shield)
rNeg    . . .      Spirit   .   b - +0 animal skin
rPois   .          Reflect  .   (helmet restricted)
rElec   .          Harm     .   (no cloak)
rCorr   .          Rampage  .   (no gloves)
Will    .....                   (no boots)
Stlth   +.........              (no amulet)
HPRegen 0.11/turn               (no ring)
MPRegen 0.08/turn               (no ring)

@: lethally poisoned (9 -> 0)
A: horns 2, retaliatory headbutt
a: Renounce Religion, Berserk


You were on level 2 of the Dungeon.
You worshipped Trog.
Trog was aware of your devotion.
You visited 1 branch of the dungeon, and saw 2 of its levels.

You collected 48 gold pieces.

Inventory:

Hand Weapons
 a - a +0 hand axe (weapon)
Missiles
 s - 88 stones (quivered)
Armour
 b - a +0 animal skin (worn)
 d - a +0 cloak
   (You found it on level 1 of the Dungeon)
Scrolls
 c - 2 scrolls of blinking {unknown}
 e - a scroll of identify {unknown}
 h - a scroll of brand weapon {unknown}
 j - 5 scrolls of vulnerability {unknown}
Potions
 f - a potion of might {unknown}
 g - a potion of degeneration {unknown}
 i - a potion of brilliance {unknown}


   Skills:
 + Level 4.0 Fighting
 + Level 4.1 Axes
 + Level 3.0 Armour
 + Level 2.7 Dodging


You had 2 spell levels left.
You didn't know any spells.
Your spell library was empty.

Dungeon Overview and Level Annotations

Branches:
Dungeon (2/15)

Altars:


Innate Abilities, Weirdness & Mutations

You have a pair of horns on your head.
You reflexively headbutt those who attack you in melee.


Message History

You take 3 damage, and have 17/27 hp.
You barely miss the endoplasm. The endoplasm closely misses you.
You hit the endoplasm but do no damage. The endoplasm freezes you.
You are frozen.
You take 1 damage, and have 17/27 hp.
You barely miss the endoplasm. The endoplasm freezes you.
You are frozen.
The endoplasm misses you.
You take 3 damage, and have 14/27 hp.
You hit the endoplasm. The endoplasm freezes you.
You are frozen.
You take 4 damage, and have 10/27 hp.
You slash the endoplasm!
You kill the endoplasm!
Trog accepts your kill.
There is an open door here.
You see here a frilled lizard corpse.
There is a stone staircase leading up here.
You see here a frilled lizard corpse.
There is an open door here.
You see here a ring of wizardry {Wiz+, !d}.
You now have 31 gold pieces (gained 13).
You now have 46 gold pieces (gained 15).
j - 2 scrolls labelled PODYQO IXOERCHU You open the door.
There is an open door here.
An endoplasm comes into view.
Found a stone staircase leading down.
The endoplasm quivers.
You see here 3 scrolls labelled PODYQO IXOERCHU.
The endoplasm barely misses you.
You barely miss the endoplasm. You headbutt the endoplasm.
You kill the endoplasm!
Trog accepts your kill.
Your Axes skill increases to level 4!
j - 5 scrolls labelled PODYQO IXOERCHU (gained 3)
A ball python comes into view.
The ball python barely misses you. You furiously retaliate!
You headbutt the ball python, but do no damage.
The ball python closely misses you.
You hit the ball python.
You kill the ball python!
Trog accepts your kill.
You see here a ball python corpse.
An adder comes into view.
The adder moves out of view.
A hobgoblin comes into view.
You see here 2 gold pieces.
You see here 2 gold pieces.
You now have 48 gold pieces (gained 2).
You barely miss the hobgoblin. Your headbutt misses the hobgoblin.
The hobgoblin closely misses you.
You hit the hobgoblin.
You kill the hobgoblin!
Trog accepts your kill.
You barely miss the adder. The adder bites you.
You are poisoned.
The adder poisons you!
You take 1 damage, and have 20/27 hp.
You feel sick. The adder bites you.
You take 2 damage, and have 18/27 hp.
You slash the adder!
You feel sick. The adder bites you.
You are more poisoned.
The adder poisons you!
You take 2 damage, and have 16/27 hp.
You barely miss the adder.
You feel sick. The adder bites you but does no damage.
You take 2 damage, and have 14/27 hp.
You barely miss the adder.
You feel sick. The adder misses you. You furiously retaliate!
You headbutt the adder. The adder bites you but does no damage.
You take 2 damage, and have 12/27 hp.
You hit the adder. Your headbutt misses the adder.
You feel sick. The adder bites you.
You are lethally poisoned!
The adder poisons you!
You take 2 damage, and have 10/27 hp.
You closely miss the adder.
* * * LOW HITPOINT WARNING * * *
You feel sick. The adder bites you.
* * * LOW HITPOINT WARNING * * *
The adder closely misses you. You furiously retaliate!
You headbutt the adder.
You kill the adder!
Trog accepts your kill.
Your Fighting skill increases to level 4!
Your Armour skill increases to level 3!
You have reached level 3!
Your experience leads to an increase in your attributes!
Increase (s)trength, (i)ntelligence, or (d)exterity?
You take 3 damage, and have 7/27 hp.
Bad channel name for runrest: 'Jiyva says: Divide and consume' Welcome back, swappor the Minotaur Berserker.
Trog says: Kill them all!
You have reached level 3!
Your experience leads to an increase in your attributes!
Increase (s)trength, (i)ntelligence, or (d)exterity?
You feel clever. x2
Okay, then.

######...# #...#
#...# #...# #
####..†##########
..................#
##.#####.########.#
###### #.#
#.###..?##.##......
#.#
#...+....@.†......[
#.#
#..##...###.#.....
#.# #..##...# #.#
....
##.#####..##...#
#.. #.#
................
.... .
##.#####..##...#
##..# ##.#
#..###### #.# ...#
#........ ?. ####
#.######. #.#


There were no monsters in sight!

Vanquished Creatures
  An adder (D:2)
  3 endoplasms (D:2)
  A giant cockroach (D:2)
  2 goblins
  2 hobgoblins
  4 kobolds (D:1)
  2 quokkas (D:1)
  2 ball pythons
  A bat (D:1)
  A frilled lizard (D:2)
  A rat (D:1)
20 creatures vanquished.

Notes
Turn   | Place    | Note
-------+----------+-------------------------------------------
     0 | D:1      | swappor the Minotaur Berserker began the quest for the Orb.
     0 | D:1      | Reached XP level 1. HP: 19/19 MP: 0/0
   417 | D:1      | Reached XP level 2. HP: 27/27 MP: 1/1
  1480 | D:2      | Reached skill level 4 in Axes
  1529 | D:2      | Reached skill level 4 in Fighting
  1529 | D:2      | Reached skill level 3 in Armour
  1529 | D:2      | Reached XP level 3. HP: 9/33 MP: 2/2
  1529 | D:2      | Quit the game

Illustrated notes

Levels and vault maps discovered:
D:1:      dpeg_arrival_leaves_temple_mockup, layout_basic, minmay_tetromino_o4
D:2:      layout_basic, nicolae_elevator_lobby_asterisk, uniq_robin,
          uniq_sigmund

Skill      XL: |  1  2 |
---------------+-------+-----
Axes           | 4 |  4.1
Fighting       | 4 |  4.0
Armour         | 3 |  3.0
Dodging        | |  2.7

Action                   || total
-------------------------++-------
Melee: Hand axe          ||    46
       Headbutt          ||     4
Armor: Animal skin       ||    13
Dodge: Dodged            ||    21

Table legend: (Time is in decaauts)
 A = Elapsed time spent in this place.
 B = Non-inter-level travel time spent in this place.
 C = Inter-level travel time spent in this place.
 D = Time resting spent in this place.
 E = Time spent auto-exploring this place.
 F = Levels seen in this place.
 G = Mean time per level.
                   A        B        C        D        E       F      G
               +--------+--------+--------+--------+--------+-----+--------+
         Total |   1533 |   1529 |      4 |      0 |    557 |   2 |  766.5 |
       Dungeon |   1533 |   1529 |      4 |      0 |    557 |   2 |  766.5 |
               +--------+--------+--------+--------+--------+-----+--------+

Top non-repeatable levels by time:
     D:1: 1371 daAuts
     D:2: 161 daAuts

Table legend:
 A = Kills in this place as a percentage of kills in entire the game.
 B = Kills by you in this place as a percentage of kills by you in the entire game.
 C = Kills by friends in this place as a percentage of kills by friends in the entire game.
 D = Other kills in this place as a percentage of other kills in the entire game.
 E = Experience gained in this place as a percentage of experience gained in the entire game.
 F = Experience gained in this place divided by the number of levels of this place that you have seen.
                   A       B       C       D       E      F
               +-------+-------+-------+-------+-------+----------------------
         Total | 100.0 | 100.0 |   N/A |   N/A | 100.0 |  23.0
       Dungeon | 100.0 | 100.0 |   N/A |   N/A | 100.0 |  23.0
               +-------+-------+-------+-------+-------+----------------------
